 Dungeon Crawl Stone Soup version 0.22-a0-266-g5fdf0d7 (webtiles) character file.

1400 CanOfBees the Skirmisher (level 8, -2/69 (71) HPs)
             Began as a Ghoul Monk on Mar 8, 2018.
             Was a Believer of Makhleb.
             Slain by a wyvern skeleton (9 damage)
             ... on level 5 of the Dungeon.
             The game lasted 00:12:45 (5497 turns).

CanOfBees the Skirmisher (Ghoul Monk)               Turns: 5497, Time: 00:12:46

HP:   -2/69 (71)    AC: 10    Str: 16    XL:     8   Next: 69%
MP:   8/8           EV: 13    Int:  5    God:    Makhleb [**....]
Gold: 309           SH:  0    Dex: 12    Spells: 7/7 levels left

rFire    . . .     SeeInvis .     - Unarmed
rCold    + . .     Gourm    .   (no shield)
rNeg     + + +     Faith    .   i - +0 ring mail
rPois    ∞         Spirit   .   B - +2 helmet
rElec    .         Reflect  .   k - +0 cloak
rCorr    .         Harm     .   (no gloves)
MR       .....                  h - +0 pair of boots
Stlth    ++........             (no amulet)
HPRegen  0.00/turn              (no ring)
MPRegen  0.11/turn              (no ring)

@: rotting
A: rotting body, claws 1, carnivore, cold resistance 1, negative energy
resistance 3, inhibited regeneration, torment resistance, unbreathing
a: Minor Destruction, Renounce Religion


You were on level 5 of the Dungeon.
You worshipped Makhleb.
Makhleb was pleased with you.
You were not hungry.

You visited 1 branch of the dungeon, and saw 6 of its levels.
You also visited: Sewer.

You collected 309 gold pieces.

Inventory:

Hand Weapons
 x - a +1 hunting sling of freezing
 y - a +0 blowgun
 C - a +2 whip of venom
 D - a +2 hand axe of electrocution
Missiles
 c - 67 sling bullets
 q - 25 poisoned needles
Armour
 h - a +0 pair of boots (worn)
 i - a +0 ring mail (worn)
 k - a +0 cloak (worn)
 B - a +2 helmet (worn)
Jewellery
 G - an uncursed amulet of guardian spirit {unknown}
Wands
 t - a wand of flame (1)
 E - a wand of scattershot (4)
 F - a wand of random effects (25)
Scrolls
 a - 4 scrolls of remove curse
 d - a scroll of fog {unknown}
 e - a scroll of blinking
 l - 2 scrolls of teleportation
 o - 3 scrolls of enchant armour {unknown}
 r - a scroll of noise {unknown}
 s - 2 scrolls of magic mapping {unknown}
 u - 3 scrolls of identify {unknown}
Potions
 f - 3 potions of curing {unknown}
 g - 3 potions of mutation {unknown}
 j - 2 potions of berserk rage {unknown}
 m - 3 potions of might {unknown}
 n - 4 potions of heal wounds {unknown}
 p - a potion of brilliance {unknown}
 v - 4 potions of cancellation {unknown}
 w - a potion of degeneration {unknown}
 z - 3 potions of lignification {unknown}
 A - 3 potions of flight {unknown}
 H - a potion of agility {unknown}
Comestibles
 b - 12 rations


   Skills:
 + Level 6.6 Fighting
 - Level 2.6 Throwing
 - Level 5.0 Dodging
 - Level 5.2 Stealth
 + Level 6.6 Unarmed Combat
 + Level 2.1 Invocations


You had 7 spell levels left.
You didn't know any spells.

Dungeon Overview and Level Annotations

Branches:
Dungeon (6/15)
 Temple: D:4-7

Altars:
Ashenzari
Elyvilon
Makhleb
Vehumet
Zin

Shops:
D:5 (

Annotations:
D:6 2 runed doors


Innate Abilities, Weirdness & Mutations

Your body is rotting away.
You thrive on raw meat.
You are immune to poison.
You have sharp fingernails.
You are carnivorous and can eat meat at any time.
Your flesh is cold resistant. (rC+)
You are immune to negative energy. (rN+++)
You do not regenerate when monsters are visible.
You are immune to unholy pain and torment.
You can survive without breathing.


Message History

You scratch the orc warrior.
You kill the orc warrior!
Makhleb accepts your kill.
Your Invocations skill increases to level 2!
Things that are here:
a glaive; a chain mail There isn't anything to butcher here.
You start resting.
A wyvern skeleton comes into view.
A wyvern skeleton is nearby!
There is a stone staircase leading down here.
The wyvern skeleton closely misses you.
You claw the wyvern skeleton!
The wyvern skeleton is moderately damaged.
The wyvern skeleton bites you.
* * * LOW HITPOINT WARNING * * *
You scratch the wyvern skeleton.
The wyvern skeleton is heavily damaged.
The wyvern skeleton bites you!
You die...

................).....#.#..<.##.#
....####.######.÷>....#....#....#
##### ##+#### #.#.....#.....#...#
#.....# #.#.###.#...###...#
#.....###.#.# #.#...#.....#
#.....#...#.###.#...#.....#
#.....'...........#####....
#.....#.###.###.#...<....##
#.....#..Z@.# #.#.####.....
#.....####### #.#.#..).....
###############.#.#.##.....
##............#.#.#######
##..##..#..##..#.#.#
#..##..###..##...#.# #.###..#
#..###..#.# #.# #.#####.# #..#.#
#.######8######..#.#######


You could see a wyvern skeleton.

Vanquished Creatures
  The ghost of howech the Stinger, a novice GnVM of Okawaru (D:5)
  A water moccasin (D:5)
  A sky beast (D:6)
  An orc warrior (D:5)
  2 ogres (D:5)
  A big kobold (Sewer)
  A wyvern zombie (D:5)
  A scorpion (D:2)
  2 crimson imps (D:5)
  A centaur zombie (D:5)
  A hound (D:5)
  2 orc wizards
  Terence (D:3)
  4 worker ants
  4 adders
  2 river rats
  A shadow imp (D:5)
  An adder skeleton (D:6)
  2 worms
  2 dart slugs (D:1)
  4 leopard geckos
  16 orcs
  4 giant cockroaches
  4 goblins
  4 hobgoblins
  5 jackals
  A quokka (D:2)
  4 bats
  8 frilled lizards
  13 kobolds
  2 leopard gecko skeletons
  A quokka skeleton (D:5)
  6 rats
104 creatures vanquished.

Vanquished Creatures (others)
  An orc (D:5)
1 creature vanquished.

Grand Total: 105 creatures vanquished

Notes
Turn   | Place    | Note
-------+----------+-------------------------------------------
     0 | D:1      | CanOfBees the Ghoul Monk began the quest for the Orb.
     0 | D:1      | Reached XP level 1. HP: 19/19 MP: 0/0
   192 | D:1      | Reached XP level 2. HP: 26/26 MP: 1/1
   907 | D:2      | Reached XP level 3. HP: 31/33 MP: 2/2
  1364 | D:2      | Noticed a scorpion
  1383 | D:2      | Killed a scorpion
  1383 | D:2      | Reached XP level 4. HP: 23/40 MP: 3/3
  1856 | D:3      | Noticed Terence
  1870 | D:3      | Killed Terence
  1870 | D:3      | Reached XP level 5. HP: 42/46 MP: 4/4
  2211 | D:3      | Found a glowing drain.
  2215 | Sewer    | Entered a sewer
  2359 | Sewer    | Noticed a big kobold
  2394 | Sewer    | Killed a big kobold
  2394 | Sewer    | Reached XP level 6. HP: 29/53 MP: 5/5
  2546 | Sewer    | Found a white marble altar of Elyvilon.
  4011 | D:5      | Entered Level 5 of the Dungeon
  4021 | D:5      | Reached skill level 5 in Fighting
  4021 | D:5      | Reached skill level 1 in Throwing
  4021 | D:5      | Reached skill level 5 in Unarmed Combat
  4021 | D:5      | Reached XP level 7. HP: 45/61 MP: 6/6
  4153 | D:5      | Noticed howech's ghost (novice GnVM)
  4267 | D:5      | Killed howech's ghost
  4267 | D:5      | Reached skill level 5 in Stealth
  4279 | D:5      | Reached XP level 8. HP: 51/69 MP: 7/7
  4428 | D:5      | Found Isukhlie's Weapon Emporium.
  4652 | D:5      | Found a shattered altar of Ashenzari.
  4652 | D:5      | Found a glowing silver altar of Zin.
  4652 | D:5      | Found a white marble altar of Elyvilon.
  5201 | D:5      | Found a burning altar of Makhleb.
  5202 | D:5      | Found a radiant altar of Vehumet.
  5217 | D:5      | Became a worshipper of Makhleb the Destroyer
  5217 | D:5      | Reached * piety under Makhleb
  5217 | D:5      | Reached ** piety under Makhleb
  5276 | D:6      | Found a runed door.
  5296 | D:6      | Reached skill level 5 in Dodging
  5323 | D:6      | Reached skill level 1 in Invocations
  5354 | D:6      | Found a runed door.
  5497 | D:5      | Slain by a wyvern skeleton

Vault maps used:
D:1:      dpeg_arrival_pits, minmay_liquid_box
D:2:      corner_web_ring
D:3:      gup_sewer_entry_spiral, uniq_terence
D:4:      first_ration
D:5:      grunt_temple_overflow_lords_of_destruction,
          gammafunk_temple_overflow_claw, serial_shops, kennysheep_mini_moat
D:6:      lemuel_insect_pit, eat_drink_and_be_merry_uskayaw,
          minmay_temple_entry_trees, st_stairs_8
Sewer:    sewer_kobolds

Skill      XL: |  1  2  3  4  5  6  7  8 |
---------------+-------------------------+-----
Dodging        | 3 4 5 |  5.0
Fighting       | 4 5 6 |  6.6
Stealth        | 3 4 5 |  5.2
Unarmed Combat | 4 5 6 |  6.6
Throwing       | 1 2 |  2.6
Invocations    | 2 |  2.1

Action                   |  1- 3 |  4- 6 |  7- 9 || total
-------------------------+-------+-------+-------++-------
Melee: Unarmed           |   109 |   163 |   129 ||   401
       Punch             |     3 |     1 |     5 ||     9
       Whip              |       |    15 |    26 ||    41
 Fire: Hunting sling     |       |    12 |       ||    12
  Use: Scroll            |       |     3 |       ||     3
 Stab: Sleeping          |     2 |     8 |     1 ||    11
  Eat: Chunk             |     2 |    14 |     8 ||    24
       Ration            |       |       |     1 ||     1
Armor: Robe              |     4 |       |       ||     4
       Ring mail         |    32 |    59 |    56 ||   147
Dodge: Dodged            |    53 |   129 |    92 ||   274

Table legend:
 A = Spawn XP
 B = Non-spawn XP
 C = Spawn XP percentage of total XP
 D = Spawn monster count
 E = Non-spawn monster count
 F = Spawn count percentage of total count
 G = Total turns spent on level
                    A         B        C        D         E        F      G
               +---------+---------+-------+---------+---------+-------+---------
         Total |       0 |    2000 |   0.0 |       0 |     104 |   0.0 |  5497
               +---------+---------+-------+---------+---------+-------+---------
           D:1 |       0 |      26 |   0.0 |       0 |      13 |   0.0 |   816
           D:2 |       0 |     100 |   0.0 |       0 |      16 |   0.0 |   797
           D:3 |       0 |     122 |   0.0 |       0 |      26 |   0.0 |  1305
           D:4 |       0 |     175 |   0.0 |       0 |      13 |   0.0 |   799
           D:5 |       0 |    1313 |   0.0 |       0 |      26 |   0.0 |  1288
           D:6 |       0 |     138 |   0.0 |       0 |       2 |   0.0 |   117
         Sewer |       0 |     126 |   0.0 |       0 |       8 |   0.0 |   375
               +---------+---------+-------+---------+---------+-------+---------
